TOP OF THE 1ST |
Miami Marlins batting - Pitching for Cincinnati Reds : RHP Constantino Chamisso
|
Pitching: RHP Constantino Chamisso
|
|
Batting: RHB Roger Salazar
|
0-0: Called Strike 0-1: Swinging Strike 0-2: Strikes out swinging
|
Batting: LHB Jose Bregaro
|
0-0: Swinging Strike 0-1: Ball 1-1: Foul Ball, location: 2F 1-2: SINGLE (Groundball, 6D, EV 99.4 MPH)
|
Batting: LHB Andre Gorter
|
0-0: Swinging Strike 0-1: Ball 1-1: Foul Ball, location: 2F 1-2: Ball 2-2: Foul Ball, location: 2F 2-2: Strikes out swinging
|
Batting: LHB Adam Durgin
|
Pickoff Throw to First - Out! 1-3
|
Top of the 1st over - 0 runs, 1 hit, 0 errors, 0 left on base; Miami 0 - Cincinnati 0 |
BOTTOM OF THE 1ST |
Cincinnati Reds batting - Pitching for Miami Marlins : RHP Chris Nickerson
|
Pitching: RHP Chris Nickerson
|
|
Batting: LHB Ricky Ayon
|
0-0: Foul Ball, location: 2F 0-1: Ball 1-1: Ball 2-1: SINGLE (Groundball, 3S, EV 72.5 MPH) (infield hit)
|
Batting: SHB Saulo Maina
|
0-0: Grounds into double play, 4-6-3 (Groundball, 4, EV 84.4 MPH)
|
Batting: LHB Chris Grunwald
|
0-0: Called Strike 0-1: Ball 1-1: Swinging Strike 1-2: Foul Ball, location: 2F 1-2: Strikes out swinging
|
Bottom of the 1st over - 0 runs, 1 hit, 0 errors, 0 left on base; Miami 0 - Cincinnati 0 |
TOP OF THE 2ND |
Miami Marlins batting - Pitching for Cincinnati Reds : RHP Constantino Chamisso
|
Batting: LHB Adam Durgin
|
0-0: Foul Ball, location: 2F 0-1: Foul Ball, location: 2F 0-2: Ball 1-2: Foul Ball, location: 2F 1-2: Strikes out looking
|
Batting: RHB Jimmy Groseclose
|
0-0: Ball 1-0: Called Strike 1-1: Ball 2-1: Fly out, F8 (Line Drive, 8RM, EV 91.9 MPH)
|
Batting: RHB Steve Barnard
|
0-0: Ball 1-0: Fly out, F7 (Flyball, 7LM, EV 91.9 MPH)
|
Top of the 2nd over - 0 runs, 0 hits, 0 errors, 0 left on base; Miami 0 - Cincinnati 0 |
BOTTOM OF THE 2ND |
Cincinnati Reds batting - Pitching for Miami Marlins : RHP Chris Nickerson
|
Batting: RHB Willie Lazcano
|
0-0: Ground out 6-3 (Groundball, 6, EV 88.1 MPH)
|
Batting: RHB Mike Alm
|
0-0: Ball 1-0: Ball 2-0: Ground out 6-3 (Groundball, 6, EV 78.1 MPH)
|
Batting: RHB Joseph Kirchmann
|
0-0: SOLO HOME RUN (Flyball, 9LD, EV 97.5 MPH), Distance : 386 ft
|
Batting: RHB Omar Quintana
|
0-0: Ball 1-0: Ball 2-0: Called Strike 2-1: Ground out 5-3 (Groundball, 5, EV 98.8 MPH)
|
Bottom of the 2nd over - 1 run, 1 hit, 0 errors, 0 left on base; Miami 0 - Cincinnati 1 |
TOP OF THE 3RD |
Miami Marlins batting - Pitching for Cincinnati Reds : RHP Constantino Chamisso
|
Batting: RHB Mike Gar
|
0-0: Called Strike 0-1: Fly out, F2 (Popup, 5SF, EV 88.8 MPH)
|
Batting: RHB Willie Chavez
|
0-0: Ball 1-0: Ball 2-0: Ground out 5-3 (Groundball, 56S, EV 87.5 MPH)
|
Batting: SHB Jordan Barragan
|
0-0: Called Strike 0-1: Foul Ball, location: 2F 0-2: Ball 1-2: Foul Ball, location: 2F 1-2: Strikes out swinging
|
Top of the 3rd over - 0 runs, 0 hits, 0 errors, 0 left on base; Miami 0 - Cincinnati 1 |
BOTTOM OF THE 3RD |
Cincinnati Reds batting - Pitching for Miami Marlins : RHP Chris Nickerson
|
Batting: LHB Antonio Figueroa
|
0-0: Ball 1-0: Ground out 6-3 (Groundball, 6S, EV 90.0 MPH)
|
Batting: RHB Juan Reyes
|
0-0: Foul Ball, location: 2F 0-1: Foul Ball, location: 2F 0-2: Ball 1-2: Ball 2-2: Strikes out looking
|
Batting: LHB Ricky Ayon
|
0-0: Called Strike 0-1: Foul Ball, location: 2F 0-2: Strikes out looking
|
Bottom of the 3rd over - 0 runs, 0 hits, 0 errors, 0 left on base; Miami 0 - Cincinnati 1 |
TOP OF THE 4TH |
Miami Marlins batting - Pitching for Cincinnati Reds : RHP Constantino Chamisso
|
Batting: RHB Roger Salazar
|
0-0: Ball 1-0: Foul Ball, location: 2F 1-1: Foul Ball, location: 2F 1-2: Foul Ball, location: 2F 1-2: Ball 2-2: Ball 3-2: Foul Ball, location: 2F 3-2: Fly out, F9 (Flyball, 9LM, EV 90.0 MPH)
|
Batting: LHB Jose Bregaro
|
0-0: Ground out 4-3 (Groundball, 34D, EV 86.9 MPH)
|
Batting: LHB Andre Gorter
|
0-0: Ball 1-0: Called Strike 1-1: Ball 2-1: Foul Ball, location: 2F 2-2: Ball 3-2: Fly out, F7 (Flyball, 7D, EV 86.9 MPH)
|
Top of the 4th over - 0 runs, 0 hits, 0 errors, 0 left on base; Miami 0 - Cincinnati 1 |
BOTTOM OF THE 4TH |
Cincinnati Reds batting - Pitching for Miami Marlins : RHP Chris Nickerson
|
Batting: SHB Saulo Maina
|
0-0: Ball 1-0: Called Strike 1-1: Ball 2-1: SOLO HOME RUN (Flyball, 89XD, EV 107.5 MPH), Distance : 424 ft
|
Batting: LHB Chris Grunwald
|
0-0: Ball 1-0: Foul Ball, location: 2F 1-1: Foul Ball, location: 2F 1-2: Foul Ball, location: 2F 1-2: Ball 2-2: Fly out, F8 (Flyball, 89D, EV 98.1 MPH)
|
Batting: RHB Willie Lazcano
|
0-0: Ball 1-0: Swinging Strike 1-1: Ball 2-1: Ground out 6-3 (Groundball, 6M, EV 103.8 MPH)
|
Batting: RHB Mike Alm
|
0-0: Ball 1-0: Called Strike 1-1: Ball 2-1: Swinging Strike 2-2: Ball 3-2: Base on Balls
|
Batting: RHB Joseph Kirchmann
|
0-0: Ball 1-0: Ball 2-0: Ball 3-0: Base on Balls Mike Alm to second
|
Batting: RHB Omar Quintana
|
0-0: Fly out, F8 (Line Drive, 8LD, EV 91.9 MPH)
|
Bottom of the 4th over - 1 run, 1 hit, 0 errors, 2 left on base; Miami 0 - Cincinnati 2 |
TOP OF THE 5TH |
Miami Marlins batting - Pitching for Cincinnati Reds : RHP Constantino Chamisso
|
Batting: LHB Adam Durgin
|
0-0: Swinging Strike 0-1: Swinging Strike 0-2: Ball 1-2: Fly out, F8 (Flyball, 89D, EV 100.6 MPH)
|
Batting: RHB Jimmy Groseclose
|
0-0: Foul Ball, location: 2F 0-1: Foul Ball, location: 2F 0-2: Reached on error, E3 (Groundball, 34, EV 78.1 MPH)
|
Batting: RHB Steve Barnard
|
0-0: Ball 1-0: Ball 2-0: SINGLE (Groundball, 34S, EV 83.1 MPH) (infield hit) Jimmy Groseclose to second
|
Batting: RHB Mike Gar
|
0-0: Foul Ball, location: 2F 0-1: Fielders Choice at 2nd, 6-4 (Groundball, 6, EV 85.6 MPH) Jimmy Groseclose to third
|
Batting: RHB Willie Chavez
|
0-0: Called Strike 0-1: Fielders Choice at 2nd, 5-4 (Groundball, 56, EV 88.1 MPH)
|
Top of the 5th over - 0 runs, 1 hit, 1 error, 2 left on base; Miami 0 - Cincinnati 2 |
BOTTOM OF THE 5TH |
Cincinnati Reds batting - Pitching for Miami Marlins : RHP Chris Nickerson
|
Batting: LHB Antonio Figueroa
|
0-0: Foul Ball, location: 2F 0-1: Ball 1-1: Ball 2-1: Ball 3-1: Base on Balls
|
Batting: RHB Juan Reyes
|
0-0: Called Strike Antonio Figueroa steals 2nd base 0-1: Ball 1-1: Foul Ball, location: 2F 1-2: Fly out, F8 (Flyball, 8RM, EV 78.8 MPH) Runner from 2nd tags up, OUT at 3rd! 8-5
|
Batting: LHB Ricky Ayon
|
0-0: Called Strike 0-1: Foul Ball, location: 2F 0-2: Foul Ball, location: 2F 0-2: SOLO HOME RUN (Flyball, 89XD, EV 110.6 MPH), Distance : 448 ft
|
Batting: SHB Saulo Maina
|
0-0: Called Strike 0-1: Ball 1-1: SINGLE (Groundball, 4D, EV 97.5 MPH)
|
Batting: LHB Chris Grunwald
|
0-0: Ball Saulo Maina is caught stealing 2nd base 2-6
|
Bottom of the 5th over - 1 run, 2 hits, 0 errors, 0 left on base; Miami 0 - Cincinnati 3 |
TOP OF THE 6TH |
Miami Marlins batting - Pitching for Cincinnati Reds : RHP Constantino Chamisso
|
Batting: SHB Jordan Barragan
|
0-0: Foul Ball, location: 2F 0-1: Ground out 4-3 (Groundball, 4, EV 93.1 MPH)
|
Batting: RHB Roger Salazar
|
0-0: Swinging Strike 0-1: Ball 1-1: Ball 2-1: Ground out 5-3 (Groundball, 5, EV 102.5 MPH)
|
Batting: LHB Jose Bregaro
|
0-0: Swinging Strike 0-1: Ground out 6-3 (Groundball, 6, EV 88.1 MPH)
|
Top of the 6th over - 0 runs, 0 hits, 0 errors, 0 left on base; Miami 0 - Cincinnati 3 |
BOTTOM OF THE 6TH |
Cincinnati Reds batting - Pitching for Miami Marlins : RHP Chris Nickerson
|
Batting: LHB Chris Grunwald
|
0-0: Ball 1-0: Ball 2-0: Ball 3-0: Called Strike 3-1: Base on Balls
|
Batting: RHB Willie Lazcano
|
0-0: Ball 1-0: Ball 2-0: Foul Ball, location: 2F 2-1: Ball 3-1: Base on Balls Chris Grunwald to second
|
Batting: RHB Mike Alm
|
0-0: Ball 1-0: Ball 2-0: Foul Ball, location: 2F 2-1: Ball 3-1: Base on Balls Chris Grunwald to third Willie Lazcano to second
|
Batting: RHB Joseph Kirchmann
|
0-0: Called Strike 0-1: Ball 1-1: Ball 2-1: Called Strike 2-2: Ball 3-2: DOUBLE (Groundball, 5L, EV 101.9 MPH) Chris Grunwald scores Willie Lazcano scores Mike Alm to third
|
Pitching: RHP Westin Silveira
|
|
Batting: RHB Omar Quintana
|
0-0: Ball 1-0: Ball 2-0: Fly out, F9 (Flyball, 89S, EV 89.4 MPH)
|
Batting: LHB Antonio Figueroa
|
0-0: Ball 1-0: Ball 2-0: Ball 3-0: Base on Balls
|
Batting: RHB Juan Reyes
|
0-0: Ball 1-0: Ball 2-0: Ball 3-0: Base on Balls Mike Alm scores Joseph Kirchmann to third Antonio Figueroa to second
|
Batting: LHB Ricky Ayon
|
0-0: Called Strike 0-1: Called Strike 0-2: Ball 1-2: Strikes out swinging
|
Batting: SHB Saulo Maina
|
0-0: Called Strike 0-1: Ball 1-1: Ball 2-1: Ball 3-1: Foul Ball, location: 2F 3-2: Foul Ball, location: 2F 3-2: Fly out, F9 (Flyball, 9, EV 90.6 MPH)
|
Bottom of the 6th over - 3 runs, 1 hit, 0 errors, 3 left on base; Miami 0 - Cincinnati 6 |
TOP OF THE 7TH |
Miami Marlins batting - Pitching for Cincinnati Reds : RHP Constantino Chamisso
|
Batting: LHB Andre Gorter
|
0-0: Ground out 4-3 (Groundball, 4, EV 110.6 MPH)
|
Batting: LHB Adam Durgin
|
0-0: Ground out 6-3 (Groundball, 6, EV 90.0 MPH)
|
Batting: RHB Jimmy Groseclose
|
0-0: Fly out, F3 (Flyball, 34D, EV 90.0 MPH)
|
Top of the 7th over - 0 runs, 0 hits, 0 errors, 0 left on base; Miami 0 - Cincinnati 6 |
BOTTOM OF THE 7TH |
Cincinnati Reds batting - Pitching for Miami Marlins : RHP Westin Silveira
|
Batting: LHB Chris Grunwald
|
0-0: Ball 1-0: Ball 2-0: Ball 3-0: Called Strike 3-1: Called Strike 3-2: Base on Balls
|
Batting: RHB Willie Lazcano
|
0-0: Called Strike 0-1: Grounds into double play, 5-4-3 (Groundball, 56S, EV 88.8 MPH)
|
Batting: RHB Mike Alm
|
0-0: Ball 1-0: Ball 2-0: Foul Ball, location: 2F 2-1: Ball 3-1: Ground out 6-3 (Groundball, 6, EV 85.6 MPH)
|
Bottom of the 7th over - 0 runs, 0 hits, 0 errors, 0 left on base; Miami 0 - Cincinnati 6 |
TOP OF THE 8TH |
Miami Marlins batting - Pitching for Cincinnati Reds : RHP Constantino Chamisso
|
Batting: RHB Steve Barnard
|
0-0: SOLO HOME RUN (Line Drive, 7D, EV 107.5 MPH), Distance : 405 ft
|
Batting: RHB Mike Gar
|
0-0: Ball 1-0: Called Strike 1-1: Ball 2-1: Called Strike 2-2: Strikes out swinging
|
Batting: RHB Willie Chavez
|
0-0: SINGLE (Line Drive, 9S, EV 86.2 MPH)
|
Batting: SHB Jordan Barragan
|
0-0: Swinging Strike 0-1: Ball 1-1: Swinging Strike 1-2: Strikes out swinging
|
Batting: RHB Roger Salazar
|
0-0: Ball 1-0: Ball 2-0: Ball 3-0: Called Strike 3-1: SINGLE (Groundball, 56D, EV 105.6 MPH) Willie Chavez to second Runner from 2nd tries for 3rd, SAFE, throw by LF made to third
|
Batting: LHB Jose Bregaro
|
0-0: Ground out 4-3 (Groundball, 34, EV 85.0 MPH)
|
Top of the 8th over - 1 run, 3 hits, 0 errors, 2 left on base; Miami 1 - Cincinnati 6 |
BOTTOM OF THE 8TH |
Cincinnati Reds batting - Pitching for Miami Marlins : RHP Westin Silveira
|
Batting: RHB Joseph Kirchmann
|
0-0: Ball 1-0: Called Strike 1-1: Foul Ball, location: 2F 1-2: Ball 2-2: Ball 3-2: Base on Balls
|
Pitching: RHP Chris Funderburg
|
|
Batting: RHB Omar Quintana
|
0-0: Foul Ball, location: 2F 0-1: Ball 1-1: Called Strike Joseph Kirchmann steals 2nd base (no throw) 1-2: 2-RUN HOME RUN (Flyball, 78XD, EV 107.5 MPH), Distance : 433 ft
|
Batting: LHB Antonio Figueroa
|
0-0: Called Strike 0-1: Foul Ball, location: 2F 0-2: Ground out 4-3 (Groundball, 4, EV 90.6 MPH)
|
Batting: RHB Juan Reyes
|
0-0: Ball 1-0: Ball 2-0: Ground out 4-3 (Groundball, 6MD, EV 104.4 MPH)
|
Batting: LHB Ricky Ayon
|
0-0: Ball 1-0: Swinging Strike 1-1: Ball 2-1: Foul Ball, location: 2F 2-2: Ground out 4-3 (Groundball, 4, EV 81.2 MPH)
|
Bottom of the 8th over - 2 runs, 1 hit, 0 errors, 0 left on base; Miami 1 - Cincinnati 8 |
TOP OF THE 9TH |
Miami Marlins batting - Pitching for Cincinnati Reds : RHP Constantino Chamisso
|
Batting: LHB Andre Gorter
|
0-0: Foul Ball, location: 2F 0-1: Foul Ball, location: 2F 0-2: Fly out, F8 (Flyball, 8LM, EV 92.5 MPH)
|
Batting: LHB Adam Durgin
|
0-0: Ball 1-0: Called Strike 1-1: Fly out, F9 (Flyball, 89M, EV 93.1 MPH)
|
Batting: RHB Jimmy Groseclose
|
0-0: Called Strike 0-1: Ball 1-1: Ground out 5-3 (Groundball, 56, EV 81.9 MPH)
|
Top of the 9th over - 0 runs, 0 hits, 0 errors, 0 left on base; Miami 1 - Cincinnati 8 |
|